 Dungeon Sprint DCSS version 0.14-a0-736-g2a71271 (webtiles) character file.

4200 Deemzul the Imperceptible (level 9, -2/60 HPs)
             Began as a Vampire Assassin on Nov 7, 2013.
             Was a Believer of Okawaru.
             Slain by a demonic crawler (6 damage)
             ... in the Dungeon (Sprint I: "Red Sonja").
             The game lasted 00:05:07 (1517 turns).

Deemzul the Imperceptible (Vampire Assassin)        Turns: 1517, Time: 00:05:07

HP  -2/60        AC  3     Str 10      XL: 9   Next: 71%
MP   9/9         EV 12     Int 16      God: Okawaru [**....]
Gold 880         SH  0     Dex 18      Spells:  0 memorised,  8 levels left

Res.Fire  : . . .   See Invis. : +   i - +0 short sword (distort)
Res.Cold  : . . .   Warding    : .   c - +0 robe
Life Prot.: + . .   Conserve   : .   (no shield)
Res.Poison: .       Res.Corr.  : .   (no helmet)
Res.Elec. : .       Clarity    : +   d - +0 cloak
Sust.Abil.: . .     Spirit.Shd : .   (no gloves)
Res.Mut.  : .       Prev.Telep.: +   (no boots)
Res.Rott. : .       Flight     : .   s - amulet of clarity {unknown}
Saprovore : . . .                    (no ring)
                                     q - +3 ring of intelligence

@: somewhat resistant to hostile enchantments, incredibly stealthy
A: bottle blood, fangs 3, see invisible, unbreathing
a: Bat Form, Bottle Blood, Heroism, Renounce Religion


You were in the Dungeon.
You worshipped Okawaru.
Okawaru was pleased with you.
You were not thirsty.

You visited 1 branch You collected 992 gold pieces.
You spent 112 gold pieces at shops.

Inventory:

Hand weapons
 a - a +2,+2 dagger
 b - a +0 blowgun
 i - a +0,+0 short sword of distortion (weapon)
 j - a +0 blowgun
Missiles
 e - 8 poisoned needles
 f - 9 curare-tipped needles
Armour
 c - a +0 robe (worn)
 d - a +0 cloak (worn)
Magical devices
 n - a wand of fireball (5)
 o - a wand of draining (4)
Scrolls
 p - a scroll of remove curse {unknown}
 r - a scroll of immolation {unknown}
 u - a scroll of enchant armour {unknown}
Jewellery
 q - a +3 ring of intelligence (left hand)
 s - an amulet of clarity (around neck) {unknown}
Potions
 g - a potion of blood
 h - 2 potions of curing
 k - 2 potions of magic
 l - a potion of berserk rage


   Skills:
 - Level 1.7 Fighting
 * Level 16.5 Short Blades
 - Level 1.5 Throwing
 - Level 1.1 Dodging
 * Level 22.3 Stealth


You had 8 spell levels left.
You didn't know any spells.

Dungeon Overview and Level Annotations

Branches:
Dungeon (1/1)

Altars:
Ashenzari
Fedhas
Kikubaaqudgha
Makhleb
Okawaru
Yredelemnul
Zin

Shops:
D +/[


Innate Abilities, Weirdness & Mutations

You can bottle blood from corpses.
You have razor-sharp teeth.*
You have supernaturally acute eyesight.
You can survive without breathing.*


Message History

Okay, then.
There is an open door here.
Things that are here:
a dagger; a robe You open the door. 4 demonic crawlers come into view.
The demonic crawler gives a hideous shriek!
The demonic crawler hits you! The demonic crawler closely misses you.
The demonic crawler hits you.
The demonic crawler completely misses you.
The demonic crawler hits you. The demonic crawler closely misses you.
The demonic crawler hits you!
* * * LOW HITPOINT WARNING * * *
The demonic crawler closely misses you. The demonic crawler hits you!
* * * LOW HITPOINT WARNING * * *
There is an open door here.
Unknown command.
The demonic crawler moves out of view.
The demonic crawler barely misses you. The demonic crawler hits you.
You die...

###################
..#.)'..#__#..'.@.#
.)'..#..'..'..#..s##+#
#'#####'#__####)..ss.#
..#...#)####§§#####s.+
###..##[#§≈§.)#§§# +##
..##'#..+≈§§§.§..#
...'..._#§§§§§#.§#
..##_.#'##§#####§###
._###+#.#....###.'.#


You could see 4 demonic crawlers.

Vanquished Creatures
  2 centaur warriors (D)
  A deep troll (D)
  A giant amoeba (D)
  An oklob plant (D)
  Sonja (D)
  An elephant slug (D)
  A yellow wasp (D)
  2 kobold demonologists (D)
  An ogre (D)
  Sigmund (D)
  A jelly (D)
  Ijyb (D)
  A giant eyeball (D)
  A giant spore (D)
  2 ballistomycetes (D)
18 creatures vanquished.

Vanquished Creatures (others)
  A giant spore (D)
  A ballistomycete (D)
2 creatures vanquished.

Grand Total: 20 creatures vanquished

Notes
Turn   | Place    | Note
--------------------------------------------------------------
     0 | D        | Deemzul, the Vampire Assassin, began the quest for the Orb.
     0 | D        | Reached XP level 1. HP: 15/15 MP: 1/1
     1 | D        | Noticed Ijyb
     4 | D        | Killed Ijyb
     4 | D        | Reached skill level 8 in Stealth
     4 | D        | Reached XP level 2. HP: 21/21 MP: 2/2
    10 | D        | Noticed an ogre
    12 | D        | Killed an ogre
    12 | D        | Reached skill level 11 in Stealth
    12 | D        | Reached XP level 3. HP: 26/26 MP: 3/3
    12 | D        | Reached XP level 4. HP: 32/32 MP: 4/4
    25 | D        | Noticed Sigmund
    28 | D        | Killed Sigmund
    28 | D        | Reached skill level 12 in Stealth
    28 | D        | Reached XP level 5. HP: 38/38 MP: 5/5
    41 | D        | Found a burning altar of Makhleb.
    42 | D        | Noticed a jelly
    43 | D        | Found a basalt altar of Yredelemnul.
    47 | D        | Killed a jelly
    47 | D        | Reached skill level 13 in Stealth
    70 | D        | Found an iron altar of Okawaru.
    70 | D        | Found a shattered altar of Ashenzari.
    70 | D        | Found Rocac's Magical Wand Emporium.
    70 | D        | Noticed an elephant slug
    71 | D        | Found a blossoming altar of Fedhas.
    71 | D        | Found an ancient bone altar of Kikubaaqudgha.
    83 | D        | Found a glowing silver altar of Zin.
    90 | D        | Became a worshipper of Warmaster Okawaru
   139 | D        | Killed an elephant slug
   139 | D        | Reached skill level 10 in Short Blades
   139 | D        | Reached skill level 14 in Stealth
   139 | D        | Reached XP level 6. HP: 32/44 MP: 6/6
   149 | D        | Bought a wand of draining (4) for 112 gold pieces
   224 | D        | Found a basalt altar of Yredelemnul.
   224 | D        | Found a shattered altar of Ashenzari.
   224 | D        | Noticed a giant amoeba
   225 | D        | Found a glowing silver altar of Zin.
   225 | D        | Found an iron altar of Okawaru.
   252 | D        | Killed a giant amoeba
   252 | D        | Acquired Okawaru's first power
   252 | D        | Reached skill level 17 in Stealth
   252 | D        | Reached XP level 7. HP: 13/49 MP: 7/7
   488 | D        | Noticed a kobold demonologist
   489 | D        | Noticed a kobold demonologist
   491 | D        | Killed a kobold demonologist
   499 | D        | Paralysed by a giant eyeball for 4 turns
   516 | D        | Killed a kobold demonologist
   516 | D        | Reached skill level 18 in Stealth
   767 | D        | Noticed Sonja
   771 | D        | Killed Sonja
   771 | D        | Reached XP level 8. HP: 55/55 MP: 8/8
   805 | D        | Reached skill level 19 in Stealth
  1022 | D        | Found Shomouw's Book Boutique.
  1114 | D        | Noticed a deep troll
  1118 | D        | Killed a deep troll
  1118 | D        | Reached skill level 20 in Stealth
  1146 | D        | Found Streamex's Armour Emporium.
  1176 | D        | Noticed a centaur warrior
  1176 | D        | Noticed a centaur warrior
  1179 | D        | Killed a centaur warrior
  1179 | D        | Reached skill level 15 in Short Blades
  1179 | D        | Reached skill level 21 in Stealth
  1179 | D        | Reached XP level 9. HP: 60/60 MP: 9/9
  1180 | D        | Killed a centaur warrior
  1194 | D        | Noticed a yellow wasp
  1197 | D        | Killed a yellow wasp
  1197 | D        | Reached skill level 22 in Stealth
  1207 | D        | Noticed an oklob plant
  1209 | D        | Killed an oklob plant
  1217 | D        | Noticed a trapdoor spider
  1235 | D        | HP: 3/60 [poisoned by a trapdoor spider]
  1514 | D        | Noticed a demonic crawler
  1514 | D        | Noticed a demonic crawler
  1514 | D        | Noticed a demonic crawler
  1514 | D        | Noticed a demonic crawler
  1517 | D        | Slain by a demonic crawler

Action                   |  1- 3 |  4- 6 |  7- 9 || total
-------------------------+-------+-------+-------++-------
Melee: Dagger            |     2 |    41 |    24 ||    67
       Short sword       |       |       |    15 ||    15
Evoke: Wand              |       |       |     1 ||     1
  Use: Potion            |       |     1 |     3 ||     4
       Scroll            |       |       |     1 ||     1
 Stab: Sleeping          |     2 |     3 |     7 ||    12
